 Dungeon Crawl Stone Soup version 0.25.1-8-g42b30a86e7 (webtiles) character file.

Game seed: 10358960536741698910

45 Clowwww the Skirmisher (level 3, 0/29 HPs)
             Began as a Demonspawn Fighter on Dec 26, 2020.
             Slain by Natasha (4 damage)
             ... on level 2 of the Dungeon.
             The game lasted 00:02:26 (1324 turns).

Clowwww the Skirmisher (Demonspawn Fighter)         Turns: 1324, Time: 00:02:27

Health: 0/29       AC:  7    Str: 17    XL:     3   Next: 42%
Magic:  3/3        EV:  7    Int:  9    God:
Gold:   67         SH:  9    Dex: 12    Spells: 2/2 levels left

rFire    . . .     SeeInvis .   a - +0 war axe
rCold    . . .     Gourm    .   c - +0 kite shield
rNeg     . . .     Faith    .   b - +0 scale mail
rPois    .         Spirit   .   (no helmet)
rElec    .         Reflect  .   o - +0 cloak
rCorr    .         Harm     .   (no gloves)
MR       .....                  (no boots)
Stlth    ..........             (no amulet)
HPRegen  0.09/turn              (no ring)
MPRegen  0.08/turn              (no ring)

@: mighty
A: sturdy frame 1
a: no special abilities


You were on level 2 of the Dungeon.
You were not hungry.

You visited 1 branch of the dungeon, and saw 2 of its levels.

You collected 67 gold pieces.

Inventory:

Hand Weapons
 a - a +0 war axe (weapon)
Armour
 b - a +0 scale mail (worn)
 c - a +0 kite shield (worn)
 o - a +0 cloak (worn)
Scrolls
 e - a scroll of enchant armour {unknown}
 j - a scroll of teleportation {unknown}
 l - a scroll of fog {unknown}
 m - a scroll of amnesia {unknown}
 n - 3 scrolls of remove curse {unknown}
 q - a scroll of fear {unknown}
Potions
 g - 2 potions of degeneration {unknown}
 h - a potion of stabbing {unknown}
 i - 3 potions of curing {unknown}
 k - 2 potions of brilliance {unknown}
 r - a potion of heal wounds {unknown}
Comestibles
 f - 5 rations


   Skills:
 + Level 3.4 Fighting
 + Level 2.1 Axes
 + Level 3.0 Armour
 + Level 0.3 Dodging
 + Level 3.2 Shields


You had 2 spell levels left.
You didn't know any spells.
Your spell library was empty.

Dungeon Overview and Level Annotations

Branches:
Dungeon (2/15)

Altars:
Kikubaaqudgha

Annotations:
D:2 Natasha


Innate Abilities, Weirdness & Mutations

Your movements are slightly less encumbered by armour. (ER -2)


Message History

You miss Natasha.
Natasha is lightly wounded.
Natasha claws you but does no damage. Natasha casts a spell at you.
You resist with significant effort.
You completely miss Natasha.
Natasha is lightly wounded.
Natasha claws you.
* * * LOW HITPOINT WARNING * * *
You block Natasha's attack.
You feel very mighty all of a sudden. Natasha closely misses you. x2
You closely miss Natasha.
Natasha is lightly wounded.
You feel yourself speed up. You block Natasha's attack.
Natasha barely misses you.
Your shield and scale mail prevent you from hitting Natasha.
Natasha is lightly wounded.
Natasha claws you.
You die...

### #######
##.######.@h..#
#.........#..##
#..######.#.....
.####...#####.#.#####
................#
.####...#####.###
#..## #.# #..######.#
#.........#


You could see Natasha.

Vanquished Creatures
  An adder (D:2)
  An ooze (D:1)
  A giant cockroach (D:1)
  3 goblins (D:1)
  4 hobgoblins
  9 jackals
  A quokka (D:2)
  A frilled lizard (D:1)
  4 kobolds
  3 rats
28 creatures vanquished.

Notes
Turn   | Place    | Note
-------+----------+-------------------------------------------
     0 | D:1      | Clowwww the Demonspawn Fighter began the quest for the Orb.
     0 | D:1      | Reached XP level 1. HP: 18/18 MP: 1/1
   221 | D:1      | Gained mutation: Your movements are slightly less
                  | encumbered by armour. (ER -2) [demonic ancestry]
   221 | D:1      | Reached XP level 2. HP: 24/24 MP: 2/2
   765 | D:1      | Reached XP level 3. HP: 27/29 MP: 3/3
  1118 | D:2      | Found an ancient bone altar of Kikubaaqudgha.
  1307 | D:2      | Noticed Natasha
  1324 | D:2      | Slain by Natasha

Illustrated notes

Levels and vault maps discovered:
D:1:      lightli_arrival_boilingwater, layout_loops_corners
D:2:      layout_loops_corners, kiku_gazebo_garden_becter, uniq_terence,
          uniq_crazy_yiuf_cottage, uniq_natasha

Skill      XL: |  1  2 |
---------------+-------+-----
Shields        | 3 |  3.2
Axes           | 2 |  2.1
Armour         | 3 |  3.0
Fighting       | |  3.4
Dodging        | |  0.3

Action                   || total
-------------------------++-------
Melee: War axe           ||    77
  Use: Potion            ||     1
  Eat: Chunk             ||     1
Armor: Scale mail        ||    50
Dodge: Dodged            ||    26
Block: Kite shield       ||    51
